 Dungeon Sprint DCSS version 0.31-a0-43-g46d131a48f (webtiles) character file.

Game seed: 2035118620956230882

67078 bmack86 the Axe Maniac (level 14, -14/162 HPs)
             Began as a Minotaur Fighter on May 19, 2023.
             Was a High Priest of Okawaru.
             Demolished by a yaktaur captain (39 damage)
             ... in the Dungeon (Sprint IX: "|||||||||||||||||||||||||||||").
             The game lasted 00:22:19 (3887 turns).

bmack86 the Axe Maniac (Minotaur Fighter)           Turns: 3887, Time: 00:22:19

Health: -14/162    AC: 44    Str: 29    XL:     14   Next: 81%
Magic:  16/24      EV:  9    Int:  5    God:    Okawaru [*****.]
Gold:   355        SH:  0    Dex: 10    Spells: 13/13 levels left

rFire   + . .        I - +5 battleaxe
rCold   . . .        (shield currently unavailable)
rNeg    . . .        s - +3 crystal plate armour of the Slorg {Harm rF+ Stlth-}
rPois   .            (helmet restricted)
rElec   .            (no cloak)
rCorr   .            o - +2 pair of gloves
SInv    .            w - +2 pair of boots {rampage}
Will    +....        (no amulet) Stlth
                     q - +2 ring of protection
HPRegen 0.47/turn    r - +3 ring of strength
MPRegen 0.19/turn

%: no teleportation, harm (+30% outgoing, +20% incoming), rampage
@: lethally poisoned (-14 -> -19), heroic, finesse-ful, marked
A: horns 2, retaliatory headbutt
a: Renounce Religion, Heroism, Finesse


You were in the Dungeon.
You worshipped Okawaru.
Okawaru was extremely pleased with you.
You visited 1 branch You collected 2639 gold pieces.
You spent 2284 gold pieces at shops.

Inventory:

Hand Weapons
 a - a +0 war axe
 n - a +7 war axe of freezing
 z - a +0 eveningstar of protection
 I - a +5 battleaxe (weapon)
 M - a +0 broad axe
 R - a +1 battleaxe of freezing
Missiles
 b - 4 curare-tipped darts
 d - 2 silver javelins
 A - 2 javelins (quivered)
 P - 2 boomerangs
Armour
 c - a +0 buckler
 o - a +2 pair of gloves (worn)
 s - the +3 crystal plate armour of the Slorg (worn) {Harm rF+ Stlth-}
   (Okawaru gifted it to you in the Dungeon)

   rF:        It protects you from fire.
   Harm:      It increases damage dealt and taken.
   Stlth:     It makes you less stealthy.
 u - a +0 pair of boots
 w - a +2 pair of boots of rampaging (worn)
 J - the +5 plate armour of the Guilds {rPois}
   (You found it in the Dungeon)

   rPois:     It protects you from poison.
 K - +1 fire dragon scales
 L - a +2 plate armour of poison resistance
 O - a +0 kite shield
 Q - the +0 kite shield of Lilacs {rPois Dex+3}
   (Okawaru gifted it to you in the Dungeon)

   Dex:       It affects your dexterity (+3).
   rPois:     It protects you from poison.
Jewellery
 q - a +2 ring of protection (left hand)
 r - a +3 ring of strength (right hand)
 B - a ring of magical power
 C - an amulet of regeneration
 D - a ring of fire
 E - a ring of protection from cold
 F - a ring of protection from cold
 G - a ring of willpower
 H - a +6 ring of intelligence
Wands
 m - a wand of roots (7)
 p - a wand of polymorph (4)
Scrolls
 j - 4 scrolls of blinking
 l - 2 scrolls of amnesia
 t - a scroll of fog
 y - 5 scrolls of identify
 N - a scroll of fear
Potions
 e - 10 potions of curing
 f - 3 potions of berserk rage
 g - 2 potions of haste
 h - 4 potions of magic
 i - 3 potions of heal wounds
 k - a potion of invisibility
 v - 2 potions of mutation
 x - 3 potions of cancellation


   Skills:
 + Level 25.3(27) Fighting
 O Level 27 Axes
 - Level 10.0(15.0) Throwing
 + Level 25.7(27) Armour
 - Level 3.6(8.6) Shields
 - Level 15.0 Invocations
 - Level 8.0 Evocations


You had 13 spell levels left.
You didn't know any spells.
Your spell library was empty.

Dungeon Overview and Level Annotations

Branches:
Dungeon (1/1)

Altars:
Cheibriados
Dithmenos
Elyvilon
Fedhas
Gozag
Hepliaklqana
Kikubaaqudgha
Makhleb
Nemelex Xobeh
Okawaru
Qazlal
Ru
Sif Muna
Trog
Uskayaw
Vehumet
Wu Jian
Xom
Yredelemnul
Zin
The Shining One
Jiyva
Lugonu

Shops:
D *!?*


Innate Abilities, Weirdness & Mutations

You have a pair of horns on your head.
You reflexively headbutt those who attack you in melee.


Message History

The vault warden is moderately wounded.
You feel sick.
You slash the vault warden! Your headbutt misses the vault warden.
The vault warden is heavily wounded.
You kill the ironbound preserver!
Okawaru accepts your kill.
The vault warden hits you but does no damage.
You are more poisoned.
The ironbound convoker gestures at the yaktaur captain while chanting.
The yaktaur captain seems to grow stronger.
Your Fighting skill increases to level 25!
You gain the combat prowess of a mighty hero.
You feel very sick. The vault warden misses you.
You hit the vault warden.
The vault warden is heavily wounded.
You feel sick.
You slice the vault warden!!
You kill the vault warden!
Okawaru is honoured by your kill.
You rampage towards the ironbound convoker!
You barely miss the ironbound convoker.
You feel sick.
The ironbound convoker hits you with a +0 morningstar.
* * * LOW HITPOINT WARNING * * *
You slice the ironbound convoker!! You headbutt the ironbound convoker.
You kill the ironbound convoker!
Okawaru accepts your kill. Okawaru grants you armour!
Something appears at your feet!
You see here the +1 hat of Vanayhem {rPois Will+}.
You feel sick.
You rampage towards the yaktaur captain!
You slice the yaktaur captain!!
The yaktaur captain is heavily wounded.
You slash the yaktaur captain! You headbutt the yaktaur captain.
The yaktaur captain is almost dead.
You feel sick.
The ironbound convoker begins to recite a word of recall!
The yaktaur captain hits you!!
You die...

,*,*,*,*,*,*,*,▓(▓.▓)▓.▓.▓.▓'▓.▓.
,*,*,*,*,*,*,*,▓)▓.▓.▓.▓.▓.▓)▓.▓†
,*,*,*,*,*,*,*,▓(▓.▓.▓.▓)▓.▓.▓.▓†
,*,*,*,*,*,*,*,▓)▓.▓†▓.▓†▓.▓.▓.▓†
,*,*,*,*,*,*,*,▓†▓.▓.▓.▓[▓.▓)▓.▓.
,*,*,*,*,*,*,*,▓(▓.♣†♣.▓)▓.▓)▓.▓.
,*,*,*,*,*,*,*,▓.▓.♣.♣)▓)▓.▓∩▓.▓.
,*,*,*,*,*,*,*,▓[▓.♣)♣.▓[▓.▓.▓.▓.
,*,*,*,*,*,*,*,▓@▓.♣.♣.▓÷▓.▓∩▓.▓.
,*,*,*,*+*,*,*,▓c▓.♣.♣.▓[▓.▓)▓.▓.
,*,*,*,*,*,*,*,▓p▓.♣.♣.▓)▓.▓∩▓.▓.
,*,*,*,*,*,*,*,▓.▓.♣.♣.▓.▓.▓.▓.▓)
,*,*,*,*,*,*,*,▓.▓.♣.♣.▓.▓.▓∩▓.▓.
,*,*,*,*,*,*,*,▓.▓.♣.♣.▓.▓.▓)▓.▓.
,*,*+*,*,*,*,*,▓.▓.♣.♣)▓.▓.▓)▓)▓'
,*,*,*,*,*,*,*,▓.▓.▓'▓)▓.▓.▓.▓.▓.
,*,*,*,*,*,*,*,*,▓.▓.▓)▓.▓.▓.▓.▓.


You could see a yaktaur captain (strong) and an ironbound convoker (chanting
recall).

Vanquished Creatures
  Kirke (D)
  2 sphinxes (D)
  Donald (D)
  2 frost giants (D)
  2 fire giants (D)
  A vault warden (D)
  A ghost moth (D)
  Aizul (D)
  3 ironbound preservers (D)
  2 stone giants (D)
  2 very ugly things (D)
  An eleionoma (D)
  An ironbound thunderhulk (D)
  4 vampire knights (D)
  Azrael (D)
  A dire elephant (D)
  Nessos (D)
  A spark wasp (D)
  An ettin (D)
  2 merfolk impalers (D)
  A fire dragon (D)
  A yaktaur captain (D)
  2 entropy weavers (D)
  An ice dragon (D)
  A great orb of eyes (D)
  Erolcha (D)
  2 hydras (D)
  2 centaur warriors (D)
  A ghost crab (D)
  An ironbound frostheart (D)
  A spriggan air mage (D)
  A jorogumo (D)
  2 tengu warriors (D)
  3 deep troll earth magi (D)
  2 shock serpents (D)
  A deep troll shaman (D)
  Urug (D)
  Nergalle (D)
  Sonja (D)
  A pharaoh ant (D)
  2 orb spiders (D)
  A spriggan druid (D)
  2 goliath frogs (D)
  2 lindwurms (D)
  2 steelbarb worms (D)
  A bog body (D)
  A deep elf pyromancer (D)
  2 ironbound convokers (D)
  3 wizards (D)
  2 mana vipers (D)
  6 orc sorcerers (D)
  3 orc knights (D)
  4 ugly things (D)
  A manticore (D)
  2 cyclopes (D)
  3 merfolk sirens (D)
  A black mamba (D)
  A vault sentinel (D)
  3 naga magi (D)
  Joseph (D)
  5 cane toads (D)
  2 water nymphs (D)
  4 komodo dragons (D)
  7 polar bears (D)
  A troll (D)
  A wind drake (D)
  A merfolk (D)
  2 tyrant leeches (D)
  A hornet (D)
  2 slime creatures (D)
  2 wraiths (D)
  2 fire elementals (D)
  3 yaks (D)
  2 hogs (D)
  3 humans (D)
  A basilisk (D)
  A naga (D)
  4 hell hounds (D)
  3 water moccasins (D)
  3 black bears (D)
  9 orc warriors (D)
  A bullfrog (D)
  A gnoll sergeant (D)
  An orc priest (D)
  2 hounds (D)
  11 orc wizards (D)
  A gnoll (D)
  10 orcs (D)
  A giant cockroach (D)
  A hobgoblin (D)
  A kobold (D)
  A quokka (D)
  2 bats (D)
193 creatures vanquished.

Vanquished Creatures (others)
  A hydra (D)
1 creature vanquished.

Grand Total: 194 creatures vanquished

Notes
Turn   | Place    | Note
-------+----------+-------------------------------------------
     0 | D        | bmack86 the Minotaur Fighter began the quest for the Orb.
     0 | D        | Reached XP level 1. HP: 19/19 MP: 0/0
     5 | D        | Reached skill level 3 in Axes
    10 | D        | Reached skill level 4 in Axes
    19 | D        | Noticed a hound
    19 | D        | Noticed a hound
    25 | D        | Reached skill level 5 in Fighting
    25 | D        | Reached skill level 5 in Axes
    25 | D        | Reached XP level 2. HP: 23/29 MP: 1/1
    35 | D        | Reached skill level 7 in Axes
    35 | D        | Reached XP level 3. HP: 22/37 MP: 2/2
    39 | D        | Reached skill level 8 in Axes
    39 | D        | Reached XP level 4. HP: 22/45 MP: 3/3
    45 | D        | Found a snail-covered altar of Cheibriados.
    45 | D        | Found a shadowy altar of Dithmenos.
    45 | D        | Found a white marble altar of Elyvilon.
    45 | D        | Found a blossoming altar of Fedhas.
    45 | D        | Found an opulent altar of Gozag.
    46 | D        | Found a hazy altar of Hepliaklqana.
    47 | D        | Found a viscous altar of Jiyva.
    48 | D        | Found an ancient bone altar of Kikubaaqudgha.
    49 | D        | Found a corrupted altar of Lugonu.
    50 | D        | Found a burning altar of Makhleb.
    51 | D        | Found a sparkling altar of Nemelex Xobeh.
    52 | D        | Found an iron altar of Okawaru.
    53 | D        | Found a stormy altar of Qazlal.
    54 | D        | Found a sacrificial altar of Ru.
    55 | D        | Found a shimmering blue altar of Sif Muna.
    56 | D        | Found a bloodstained altar of Trog.
    57 | D        | Found a hide-covered altar of Uskayaw.
    58 | D        | Found a radiant altar of Vehumet.
    59 | D        | Found an ornate altar of the Wu Jian Council.
    60 | D        | Became a worshipper of Warmaster Okawaru
    61 | D        | Found a shimmering altar of Xom.
    62 | D        | Found a basalt altar of Yredelemnul.
    63 | D        | Found a glowing silver altar of Zin.
    64 | D        | Found a glowing golden altar of the Shining One.
   123 | D        | Noticed a yak
   123 | D        | Noticed a wraith
   123 | D        | Noticed a wraith
   123 | D        | Noticed a hornet
   123 | D        | Noticed a troll
   126 | D        | Killed a yak
   127 | D        | Reached skill level 11 in Axes
   127 | D        | Reached XP level 5. HP: 45/56 MP: 3/7
   129 | D        | Killed a wraith
   130 | D        | Reached skill level 12 in Axes
   130 | D        | Reached skill level 5 in Invocations
   130 | D        | Reached XP level 6. HP: 49/64 MP: 3/9
   132 | D        | Killed a wraith
   132 | D        | Reached * piety under Okawaru
   133 | D        | Reached skill level 10 in Fighting
   133 | D        | Reached skill level 13 in Axes
   133 | D        | Reached XP level 7. HP: 54/72 MP: 3/10
   136 | D        | Killed a hornet
   137 | D        | Reached skill level 14 in Axes
   143 | D        | Killed a troll
   143 | D        | Reached ** piety under Okawaru
   144 | D        | Reached skill level 15 in Axes
   330 | D        | Noticed a centaur warrior
   330 | D        | Noticed a centaur warrior
   330 | D        | Noticed an eight-headed hydra
   330 | D        | Noticed a cyclops
   330 | D        | Noticed a cyan ugly thing
   336 | D        | Killed a centaur warrior
   336 | D        | Reached *** piety under Okawaru
   337 | D        | Reached skill level 16 in Axes
   337 | D        | Reached XP level 8. HP: 72/85 MP: 9/13
   348 | D        | Killed a centaur warrior
   349 | D        | Reached skill level 17 in Axes
   349 | D        | Reached XP level 9. HP: 52/93 MP: 10/15
   352 | D        | HP: 3/93 [ten-headed hydra (3)]
   353 | D        | Killed an 11-headed hydra
   353 | D        | Reached **** piety under Okawaru
   354 | D        | Reached skill level 18 in Axes
   354 | D        | Reached skill level 10 in Invocations
   361 | D        | Killed a cyclops
   365 | D        | Killed a cyan ugly thing
   365 | D        | Reached ***** piety under Okawaru
   365 | D        | Received a gift from Okawaru
   366 | D        | Reached skill level 19 in Axes
   658 | D        | Noticed a cane toad
   658 | D        | Noticed a komodo dragon
   658 | D        | Noticed a komodo dragon
   658 | D        | Noticed a cane toad
   668 | D        | Reached skill level 1 in Throwing
   669 | D        | Killed a cane toad
   670 | D        | Reached XP level 10. HP: 92/104 MP: 14/17
   671 | D        | Noticed a cane toad
   674 | D        | Reached skill level 20 in Axes
   675 | D        | Killed a cane toad
   676 | D        | Reached skill level 15 in Fighting
   680 | D        | Identified the +3 crystal plate armour of the Slorg {Harm
                  | rF+ Stlth-} (Okawaru gifted it to you in the Dungeon)
   680 | D        | Received a gift from Okawaru
   688 | D        | Killed a cane toad
   849 | D        | Noticed a cane toad
   849 | D        | Noticed a four-headed hydra
   849 | D        | Noticed a cane toad
   850 | D        | Killed a cane toad
   851 | D        | Reached skill level 1 in Evocations
   864 | D        | Killed a nine-headed hydra
   865 | D        | Reached skill level 5 in Throwing
   865 | D        | Reached skill level 5 in Armour
   872 | D        | Killed a cane toad
   983 | D        | Reached XP level 11. HP: 113/114 MP: 19/19
   991 | D        | Reached skill level 21 in Axes
  1066 | D        | Noticed Sonja
  1070 | D        | Killed Sonja
  1099 | D        | Noticed Erolcha
  1103 | D        | Killed Erolcha
  1103 | D        | Received a gift from Okawaru
  1162 | D        | Noticed an orc knight
  1165 | D        | Noticed an orc knight
  1172 | D        | Killed an orc knight
  1173 | D        | Reached skill level 10 in Armour
  1174 | D        | Reached skill level 5 in Evocations
  1185 | D        | Killed an orc knight
  1269 | D        | Noticed an orc knight
  1276 | D        | Killed an orc knight
  1276 | D        | Received a gift from Okawaru
  1458 | D        | Found Cal Vas's General Store.
  1458 | D        | Noticed an orc sorcerer
  1458 | D        | Noticed an orc sorcerer
  1459 | D        | Noticed an orc sorcerer
  1460 | D        | Killed an orc sorcerer
  1460 | D        | Noticed an orc sorcerer
  1465 | D        | Killed an orc sorcerer
  1467 | D        | Found Aluiky's Distillery.
  1467 | D        | Noticed a sixfirhy
  1468 | D        | Found Dusaery's Magic Scroll Emporium.
  1470 | D        | Killed an orc sorcerer
  1471 | D        | Noticed an orc sorcerer
  1473 | D        | Found Ysko's Assorted Antiques.
  1473 | D        | Killed an orc sorcerer
  1475 | D        | Noticed an orc sorcerer
  1479 | D        | Killed an orc sorcerer
  1488 | D        | Killed an orc sorcerer
  1530 | D        | Bought a potion of curing for 39 gold pieces
  1530 | D        | Bought a potion of berserk rage for 65 gold pieces
  1530 | D        | Bought 2 potions of cancellation for 208 gold pieces
  1530 | D        | Bought a potion of curing for 39 gold pieces
  1530 | D        | Bought a potion of curing for 39 gold pieces
  1530 | D        | Bought a potion of curing for 39 gold pieces
  1532 | D        | Bought a scroll of acquirement for 676 gold pieces
  1532 | D        | Bought a scroll of enchant weapon for 97 gold pieces
  1532 | D        | Bought 2 scrolls of enchant armour for 195 gold pieces
  1536 | D        | Bought an encrusted sapphire ring for 145 gold pieces
  1536 | D        | Bought a glowing cameo amulet for 145 gold pieces
  1536 | D        | Bought a garnet ring for 145 gold pieces
  1536 | D        | Acquired 718 gold pieces
  1540 | D        | Bought a scroll labelled BIGHUV INAL for 29 gold pieces
  1540 | D        | Bought a scroll labelled BIGHUV INAL for 29 gold pieces
  1542 | D        | Bought 3 scrolls of identify for 78 gold pieces
  1544 | D        | Bought a potion of haste for 130 gold pieces
  1546 | D        | Bought a potion of cancellation for 96 gold pieces
  1546 | D        | Bought a scroll of enchant weapon for 90 gold pieces
  1659 | D        | Noticed Urug
  1670 | D        | Killed Urug
  1671 | D        | Reached XP level 12. HP: 93/125 MP: 21/21
  1798 | D        | Got the +5 plate armour of the Guilds {rPois}
  1856 | D        | Noticed a frost giant
  1867 | D        | Reached skill level 22 in Axes
  1868 | D        | Noticed an ice dragon
  1875 | D        | Noticed a deep troll earth mage
  1876 | D        | Killed a frost giant
  1876 | D        | Identified the +0 plate armour of Bomelokhy {Str+6 SInv}
                  | (Okawaru gifted it to you in the Dungeon)
  1876 | D        | Received a gift from Okawaru
  1877 | D        | Noticed a tengu warrior
  1895 | D        | Noticed a sphinx
  1896 | D        | Killed an ice dragon
  1900 | D        | Killed a deep troll earth mage
  1906 | D        | Killed a tengu warrior
  1915 | D        | Killed a sphinx
  1916 | D        | Reached skill level 10 in Throwing
  1916 | D        | Reached skill level 15 in Armour
  2159 | D        | Noticed Nergalle
  2160 | D        | Noticed Joseph
  2160 | D        | Noticed Nessos
  2165 | D        | Killed Nergalle
  2166 | D        | Paralysed by Joseph for 2 turns
  2174 | D        | Killed Joseph
  2176 | D        | Killed Nessos
  2180 | D        | Noticed Donald
  2196 | D        | Killed Donald
  2341 | D        | Noticed Kirke
  2343 | D        | Reached skill level 15 in Invocations
  2347 | D        | Noticed Aizul
  2351 | D        | Killed Kirke
  2352 | D        | Reached skill level 23 in Axes
  2359 | D        | Killed Aizul
  2360 | D        | Reached XP level 13. HP: 119/136 MP: 23/23
  2422 | D        | Noticed a merfolk impaler
  2428 | D        | Noticed a merfolk impaler
  2434 | D        | Killed a merfolk impaler
  2437 | D        | Received a gift from Okawaru
  2449 | D        | Killed a merfolk impaler
  2614 | D        | Received a gift from Okawaru
  2636 | D        | Reached ****** piety under Okawaru
  2641 | D        | Killed a ghost moth
  2641 | D        | Received a gift from Okawaru
  2642 | D        | Reached skill level 24 in Axes
  2941 | D        | Identified the +1 scale mail "Yhiuhob" {Rampage rElec}
                  | (Okawaru gifted it to you in the Dungeon)
  2941 | D        | Received a gift from Okawaru
  3072 | D        | Noticed an eleionoma
  3074 | D        | Killed an eleionoma
  3225 | D        | Noticed Azrael
  3239 | D        | Killed Azrael
  3240 | D        | Reached skill level 25 in Axes
  3505 | D        | Noticed a spark wasp
  3505 | D        | Noticed a fire giant
  3505 | D        | Noticed a frost giant
  3505 | D        | Noticed a stone giant
  3505 | D        | Noticed a fire dragon
  3505 | D        | Noticed a vampire knight
  3509 | D        | Killed a stone giant
  3510 | D        | Killed a spark wasp
  3510 | D        | Killed a frost giant
  3510 | D        | Killed a fire dragon
  3510 | D        | Killed a vampire knight
  3511 | D        | Reached XP level 14. HP: 119/154 MP: 21/24
  3511 | D        | Noticed a green very ugly thing
  3512 | D        | Killed a fire giant
  3512 | D        | Received a gift from Okawaru
  3513 | D        | Noticed a vampire knight
  3518 | D        | Killed a vampire knight
  3522 | D        | Identified the +0 kite shield of Lilacs {rPois Dex+3}
                  | (Okawaru gifted it to you in the Dungeon)
  3522 | D        | Received a gift from Okawaru
  3522 | D        | Noticed a vampire knight
  3524 | D        | Killed a green very ugly thing
  3527 | D        | Reached skill level 26 in Axes
  3530 | D        | Noticed a fire giant
  3532 | D        | Killed a vampire knight
  3533 | D        | Noticed a vampire knight
  3536 | D        | Noticed a stone giant
  3546 | D        | Killed a fire giant
  3554 | D        | Killed a vampire knight
  3558 | D        | Killed a stone giant
  3808 | D        | Noticed a sphinx
  3813 | D        | Killed a sphinx
  3814 | D        | Noticed an ironbound thunderhulk
  3815 | D        | Noticed an ironbound preserver
  3821 | D        | Reached skill level 27 in Axes
  3828 | D        | Killed an ironbound thunderhulk
  3830 | D        | Noticed an ironbound preserver
  3834 | D        | Noticed a red very ugly thing
  3838 | D        | HP: 2/159 [disintegration (45)]
  3856 | D        | Killed an ironbound preserver
  3856 | D        | Received a gift from Okawaru
  3857 | D        | Noticed a vault warden
  3859 | D        | Noticed an ironbound preserver
  3861 | D        | Killed an ironbound preserver
  3865 | D        | Killed a red very ugly thing
  3876 | D        | Received a gift from Okawaru
  3880 | D        | Killed an ironbound preserver
  3883 | D        | Killed a vault warden
  3885 | D        | Identified the +1 hat of Vanayhem {rPois Will+} (Okawaru
                  | gifted it to you in the Dungeon)
  3885 | D        | Received a gift from Okawaru
  3887 | D        | Demolished by a yaktaur captain

Illustrated notes

Levels and vault maps discovered:
D:        linesprint [early_d, line_temple, items_1, d_10, items_2, lair_1,
          lair_end, items_3, orc_1, orc_end, items_4, d_15, swamp_1, shoals_1,
          snake_1, spider_1, d_20, vaults_1, items_5, swamp_end, shoals_end,
          snake_end, spider_end, vaults_end, d_27, items_6, zot_1, zot_end,
          crypt_end, forest_end, elf_end, slime_end, tomb_end, abyss_end,
          pan_hell_end]

Skill      XL: |  1  2  3  4  5  6  7  8  9 10 11 12 13 14 |
---------------+-------------------------------------------+-----
Axes           | 5 7 8 11 12 13 16 17 19 20 21 23 25 27 | 27.0
Fighting       | 5 6 8 9 10 12 13 14 15 17 18 22 25 | 25.3
Invocations    | 4 5 6 8 9 11 12 13 15 | 15.0
Throwing       | 2 5 8 10 | 10.0
Armour         | 7 12 17 22 25 | 25.7
Evocations     | 3 6 8 |  8.0
Shields        | |  3.6

Action                     |  1- 3 |  4- 6 |  7- 9 | 10-12 | 13-15 || total
---------------------------+-------+-------+-------+-------+-------++-------
  Melee: War axe           |    28 |     8 |    47 |   157 |       ||   240
         Headbutt          |     5 |     3 |     9 |    61 |    42 ||   120
         Battleaxe         |       |       |       |   105 |   220 ||   325
  Throw: Javelin           |       |       |       |     3 |    26 ||    29
 Invoke: Heroism           |       |       |     2 |     5 |     7 ||    14
         Finesse           |       |       |       |     2 |     2 ||     4
  Evoke: Wand              |       |       |     2 |     1 |       ||     3
    Use: Potion            |       |     1 |     5 |       |     5 ||    11
         Scroll            |       |       |     6 |    10 |       ||    16
 Armour: Scale mail        |    12 |       |       |       |       ||    12
         Chain mail        |       |     3 |    44 |     2 |       ||    49
         Crystal plate arm |       |       |       |   114 |   133 ||   247
  Dodge: Dodged            |     6 |     1 |    24 |    33 |    49 ||   113
  Block: Buckler           |    11 |       |    10 |    25 |       ||    46

Table legend: (Time is in decaauts)
 A = Elapsed time spent in this place.
 B = Non-inter-level travel time spent in this place.
 C = Inter-level travel time spent in this place.
 D = Time resting spent in this place.
 E = Time spent auto-exploring this place.
 F = Levels seen in this place.
 G = Mean time per level.
                   A        B        C        D        E       F      G
               +--------+--------+--------+--------+--------+-----+--------+
         Total |   3729 |   3729 |      0 |   2143 |      0 |   1 | 3729.0 |
       Dungeon |   3729 |   3729 |      0 |   2143 |      0 |   1 | 3729.0 |
               +--------+--------+--------+--------+--------+-----+--------+

Top non-repeatable levels by time:
       D: 3729 daAuts
